 Dungeon Crawl Stone Soup version 0.23.2-1-ga50397a6bc (webtiles) character file.

Game seed: 1400178219903887996

205 Mrkan the Ruffian (level 5, -3/53 HPs)
             Began as a Troll Monk on May 20, 2019.
             Was a Believer of Okawaru.
             Slain by a water moccasin (5 damage)
             ... on level 5 of the Dungeon.
             The game lasted 00:03:43 (1706 turns).

Mrkan the Ruffian (Troll Monk)                      Turns: 1706, Time: 00:03:43

Health: -3/53      AC:  6    Str: 20    XL:     5   Next: 53%
Magic:  4/4        EV: 11    Int:  6    God:    Okawaru [**....]
Gold:   104        SH:  0    Dex: 12    Spells: 4/4 levels left

rFire    . . .     SeeInvis .     - Unarmed
rCold    . . .     Gourm    +   (no shield)
rNeg     . . .     Faith    .   a - +0 robe
rPois    .         Spirit   .   (helmet restricted)
rElec    .         Reflect  .   (no cloak)
rCorr    .         Harm     .   (gloves unavailable)
MR       .....                  (boots unavailable)
Stlth    ++........             (no amulet)
HPRegen  0.57/turn              (no ring)
MPRegen  0.09/turn              (no ring)

@: lethally poisoned (-3 -> -3), flying
A: large, unfitting armour, claws 3, fast metabolism 3, gourmand, regeneration
1, shaggy fur 1, tough skin 3
a: Heroism, Renounce Religion


You were on level 5 of the Dungeon.
You worshipped Okawaru.
Okawaru was pleased with you.
You were completely stuffed.

You visited 1 branch of the dungeon, and saw 5 of its levels.

You collected 104 gold pieces.

Inventory:

Armour
 a - a +0 robe (worn)
Wands
 r - a wand of iceblast (7)
Scrolls
 d - 2 scrolls of teleportation {unknown}
 e - a scroll of noise {unknown}
 g - 4 scrolls of identify {unknown}
 h - a scroll of magic mapping {unknown}
 k - a scroll of random uselessness {unknown}
 n - 2 scrolls of fear {unknown}
 p - 2 scrolls of remove curse {unknown}
Potions
 f - a potion of heal wounds {unknown}
 i - a potion of curing {unknown}
 j - a potion of haste {unknown}
 l - a potion of might {unknown}
 o - a potion of berserk rage {unknown}
 q - a potion of ambrosia {unknown}
Comestibles
 b - 4 rations
 m - 2 chunks of flesh


   Skills:
 + Level 3.3 Fighting
 + Level 3.3 Dodging
 - Level 1.0 Stealth
 * Level 4.9 Unarmed Combat


You had 4 spell levels left.
You didn't know any spells.
Your spell library was empty.

Dungeon Overview and Level Annotations

Branches:
Dungeon (6/15)
 Temple: D:4-7

Altars:
Okawaru

Annotations:
D:3 Terence


Innate Abilities, Weirdness & Mutations

You are too large for most types of armour.
You have claws for hands.
Your metabolism is lightning-fast.
You like to eat raw meat.
Your natural rate of healing is unusually fast.
You are covered in fur. (AC +1)
You have extremely tough skin. (AC +3)


Message History

A gnoll comes into view. It is wielding a +0 vampiric spear.
The water moccasin bites you.
* * * LOW HITPOINT WARNING * * *
You feel sick. The water moccasin bites you.
* * * LOW HITPOINT WARNING * * *
You feel sick.
The howler monkey hoots and howls with incredible vigour!
You hear a bark!
You hear an angry hiss.
The howler monkey hoots and howls with incredible vigour!
The water moccasin closely misses you.
You feel sick.
The water moccasin bites you but does no damage.
The water moccasin bites you.
* * * LOW HITPOINT WARNING * * *
The water moccasin closely misses you.
It was a potion of flight.
You feel very buoyant.
You fly up into the air.
You feel sick. The water moccasin bites you.
You die...

##...###.#
##h.# #.#
#..# #.. #g.#
#.# #..# #.#
#h.###.#####
#.ghg.l.g.a#
#ggg##.###S##
#..#.##.#
#.@#
#...a##.#
####
..lg...#.#
#.8g8o8.#.#
#.....g....
#.........#


You could see a water moccasin, a worker ant and a gnoll.

Vanquished Creatures
  A scorpion (D:5)
  Ijyb (D:5)
  2 worker ants (D:5)
  2 gnolls (D:5)
  3 adders (D:2)
  A leopard gecko (D:1)
  An orc (D:3)
  7 bats
  4 hobgoblins
  2 kobolds (D:1)
  A ball python (D:1)
  4 frilled lizards
  8 goblins
  5 rats
42 creatures vanquished.

Notes
Turn   | Place    | Note
-------+----------+-------------------------------------------
     0 | D:1      | Mrkan the Troll Monk began the quest for the Orb.
     0 | D:1      | Reached XP level 1. HP: 22/22 MP: 0/0
   245 | D:1      | Reached XP level 2. HP: 29/29 MP: 1/1
   891 | D:2      | Reached XP level 3. HP: 19/36 MP: 2/2
  1298 | D:2      | Reached skill level 4 in Unarmed Combat
  1436 | D:3      | Found an iron altar of Okawaru.
  1445 | D:3      | Became a worshipper of Warmaster Okawaru
  1445 | D:3      | Reached * piety under Okawaru
  1445 | D:3      | Reached ** piety under Okawaru
  1537 | D:3      | Noticed Terence
  1540 | D:3      | You fall through a shaft for 3 floors!
  1568 | D:5      | Entered Level 5 of the Dungeon
  1575 | D:5      | Noticed a scorpion
  1580 | D:5      | Killed a scorpion
  1580 | D:5      | Reached XP level 4. HP: 39/45 MP: 3/3
  1592 | D:5      | Reached XP level 5. HP: 41/53 MP: 4/4
  1650 | D:5      | Noticed Ijyb
  1657 | D:5      | Killed Ijyb
  1674 | D:5      | Noticed a water moccasin
  1704 | D:5      | HP: 2/53 [water moccasin (5)]
  1706 | D:5      | Slain by a water moccasin

Skill      XL: |  1  2  3 |
---------------+----------+-----
Unarmed Combat | 4 |  4.9
Fighting       | 3 |  3.3
Dodging        | 3 |  3.3
Stealth        | |  1.0

Action                   |  1- 3 |  4- 6 || total
-------------------------+-------+-------++-------
Melee: Unarmed           |   121 |    21 ||   142
  Use: Potion            |       |     1 ||     1
 Stab: Sleeping          |     3 |       ||     3
  Eat: Chunk             |    20 |     1 ||    21
Armor: Robe              |    51 |     3 ||    54
Dodge: Dodged            |    83 |    23 ||   106
